 Dungeon Crawl Stone Soup version 0.21-a0-170-g0398fc9 (webtiles) character file.

18671 sunnyp the Fighter (level 12, -1/95 HPs)
             Began as a Mummy Wanderer on Aug 6, 2017.
             Was a High Priest of Okawaru.
             Slain by a snapping turtle (13 damage)
             ... on level 3 of the Lair of Beasts.
             The game lasted 00:37:42 (19937 turns).

sunnyp the Fighter (Mummy Wanderer)                Turns: 19937, Time: 00:37:43

Health: -1/95      AC: 19    Str: 14    XL:     12   Next: 29%
Magic:  26/26      EV: 14    Int: 20    God:    Okawaru [*****.]
Gold:   414        SH:  4    Dex: 16    Spells: 16/16 levels left

rFire    x . .     SeeInvis .   m - +4 trident
rCold    + + .     Gourm    .   F - +0 buckler {AC+3}
rNeg     + + +     Faith    .   M - +3 ring mail of Riela {rC+ Regen+ Int+4}
rPois    ∞         Spirit   .   g - +2 helmet
rElec    .         Reflect  .   t - +2 cloak
rCorr    .         Harm     .   (no gloves)
MR       +....                  v - +0 pair of boots (curse)
Stlth    +.........             (no amulet)
HPRegen  0.65/turn              x - ring of magical power
MPRegen  0.20/turn              A - +3 ring of intelligence

@: no status effects
A: no food or potions, fire vulnerability, cold resistance 1, negative energy
resistance 3, torment resistance, unbreathing
a: Heroism, Finesse, Renounce Religion


You were on level 3 of the Lair of Beasts.
You worshipped Okawaru.
Okawaru was extremely pleased with you.
You were not hungry.

You visited 2 branches of the dungeon, and saw 12 of its levels.
You also visited: Ossuary.

You collected 646 gold pieces.
You spent 232 gold pieces at shops.

Inventory:

Hand Weapons
 a - a +3 spear
 e - a +1 halberd
 m - a +4 trident (weapon)
 n - a +0 halberd
 o - a +0 hunting sling
 G - a cursed -2 shortbow
 O - the +4 great sword "Futhru" {flame, Int+2, unknown}
   (Okawaru gifted it to you on level 3 of the Lair of Beasts)

   It has been specially enchanted to burn those struck by it, causing extra
   injury to most foes and up to half again as much damage against particularly
   susceptible opponents.
   Big, fiery blades are also staple armaments of hydra-hunters.
   It affects your intelligence (+2).
Missiles
 f - 3 needles of confusion
 z - 7 silver tomahawks
 D - 4 poisoned tomahawks
 H - 131 arrows
 J - 35 stones
 K - 3 steel javelins (quivered)
Armour
 c - a +0 buckler
 d - a +0 robe
 g - a +2 helmet (worn)
 h - a +0 ring mail
 k - a +0 leather armour
 q - a cursed -1 robe
 t - a +2 cloak (worn)
 v - a cursed +0 pair of boots (worn)
 E - a +0 scale mail
 F - a +0 buckler of protection (worn)
 L - a +0 pair of boots
 M - the +3 ring mail of Riela (worn) {rC+ Regen+ Int+4}
   (You found it on level 3 of the Lair of Beasts)

   It affects your intelligence (+4).
   It protects you from cold.
   It increases your rate of regeneration.
Jewellery
 s - an uncursed ring of ice
 x - a ring of magical power (left hand)
 A - a +3 ring of intelligence (right hand)
Wands
 i - a wand of paralysis (0/24)
 r - a wand of acid (0/15)
 u - a wand of lightning (8/15)
 C - a wand of acid (0/15)
Scrolls
 j - 5 scrolls of remove curse
 l - 2 scrolls of teleportation
 p - 2 scrolls of enchant armour
 w - 2 scrolls of fog
 y - 3 scrolls of random uselessness
 I - a scroll of vulnerability
 N - 2 scrolls of amnesia
Books
 b - the Compendium of Translocation

   Spells                             Type                      Level
   a - Apportation                    Translocation                1
   b - Gell's Gravitas                Translocation                3
 B - a book of Party Tricks

   Spells                             Type                      Level
   a - Summon Butterflies             Summoning                    1
   b - Apportation                    Translocation                1
   c - Lesser Beckoning               Translocation                3
   d - Tukima's Dance                 Hexes                        3
   e - Alistair's Intoxication        Transmutation/Poison         5
   f - Invisibility                   Hexes                        6


   Skills:
 - Level 9.1 Fighting
 - Level 9.0 Polearms
 + Level 6.3 Throwing
 + Level 4.2 Armour
 - Level 6.8 Dodging
 - Level 1.0 Shields
 - Level 3.5 Unarmed Combat
 - Level 2.6 Spellcasting
   Level 1.5 Earth Magic
   Level 1.0 Poison Magic
 - Level 7.0 Invocations


You had 16 spell levels left.
You didn't know any spells.

Dungeon Overview and Level Annotations

Branches:
Dungeon (9/15)             Temple (0/1) D:4            Lair (3/6) D:9
 Shoals (0/4) Lair:3        Snake (0/4) Lair:3
    Orc: D:9-12

Altars:
Kikubaaqudgha
Okawaru
Ru
Sif Muna
Trog
Yredelemnul
The Shining One

Shops:
D:7 [   D:8 [

Annotations:
D:2 Sigmund
D:5 Eustachio
Lair:3 exclusion: oklob plant


Innate Abilities, Weirdness & Mutations

You do not eat or drink.
Your flesh is vulnerable to fire.
You are immune to poison.
Your flesh is cold resistant. (rC+)
You are immune to negative energy. (rN+++)
You are immune to unholy pain and torment.
You can survive without breathing.


Message History

The snapping turtle bites you!
You hit the snapping turtle but do no damage.
The snapping turtle is heavily wounded.
The snapping turtle completely misses you.
Unknown command.
You puncture the snapping turtle!
The snapping turtle is severely wounded.
The snapping turtle completely misses you.
You hit the snapping turtle but do no damage.
The snapping turtle is severely wounded.
The snapping turtle bites you.
Unknown command.
You puncture the snapping turtle!
The snapping turtle is almost dead.
The snapping turtle bites you!!
* * * LOW HITPOINT WARNING * * *
You hit the snapping turtle.
The snapping turtle is almost dead.
The snapping turtle bites you!
You die...

.............≈≈≈≈≈≈≈.....†.......
.......+.###≈≈≈≈≈≈≈≈≈.###.....!..
.......####≈≈≈#####≈≈≈≈##....!...
.......# ≈≈≈≈##...##≈≈###........
.......# ##≈≈#.....#≈≈# #..##..#.
##.P##†####≈≈#..>..#≈≈# #..#.####
#...#..##≈≈≈#.....#≈≈# #...####.
#P....###≈≈≈##.t.##≈≈####P..#...
#.........≈≈≈##@##≈≈≈≈#.##......
##....#.###≈≈≈≈.≈≈≈≈....#PP.#...
##.....## #≈≈≈≈.†≈≈###........%%
#......# #≈≈##.#≈## ##.#.#.....
#.#....## ####..### #####.....
####P.### ##..# ##.... #....#
#.### ##..# ##..P# #..P# #..#
##.## ##...# ##..


You could see a snapping turtle.

Vanquished Creatures
  3 hydras
  A cyclops (D:8)
  Psyche (D:8)
  2 black mambas (Lair:2)
  4 spiny frogs
  A rime drake (Lair:1)
  3 komodo dragons
  8 blink frogs
  4 hippogriffs
  2 wyverns
  14 yaks
  A basilisk (Lair:3)
  Grum (D:8)
  A hungry ghost (D:9)
  3 nagas (Lair:3)
  A porcupine (Lair:2)
  11 water moccasins
  A sky beast (D:7)
  4 orc warriors
  2 ice beasts (D:8)
  3 black bears
  3 phantoms
  A necrophage (D:8)
  2 ogres
  9 wolves
  4 centaurs
  8 crocodiles
  An elf zombie (D:8)
  A big kobold (D:8)
  15 bullfrogs
  A gnoll sergeant (D:9)
  4 scorpions
  9 killer bees
  5 wights
  3 howler monkeys
  An electric eel (Lair:3)
  4 centaur zombies
  3 crimson imps
  5 hounds
  A quasit (D:8)
  A jelly (D:8)
  A bullfrog zombie (D:9)
  Crazy Yiuf (D:6)
  An orc priest (D:8)
  3 iguanas
  5 orc wizards
  4 human zombies (D:8)
  2 human skeletons (D:8)
  3 worker ants
  Natasha (thrice) (D:3)
  An ogre zombie (D:8)
  A big kobold zombie (Ossuary)
  A hound skeleton (D:6)
  6 mummies
  14 adders
  15 gnolls
  3 shadow imps
  An adder skeleton (D:5)
  2 worms (D:6)
  A dart slug (D:1)
  9 leopard geckos
  31 orcs
  A ball python (D:1)
  2 giant cockroaches
  5 goblins
  8 hobgoblins
  3 jackals
  12 kobolds
  4 quokkas
  5 bats
  3 frilled lizards
  A giant cockroach zombie (D:6)
  3 hobgoblin zombies (Ossuary)
  A jackal skeleton (D:5)
  A quokka skeleton (D:3)
  A quokka zombie (D:7)
  6 rats
316 creatures vanquished.

Vanquished Creatures (others)
  6 fungi
  5 plants
11 creatures vanquished.

Grand Total: 327 creatures vanquished

Notes
Turn   | Place    | Note
-------+----------+-------------------------------------------
     0 | D:1      | sunnyp the Mummy Wanderer began the quest for the Orb.
     0 | D:1      | sunnyp set off with: a +2 spear, the Compendium of Translocation, a +0 buckler, a +0 robe
     0 | D:1      | Reached XP level 1. HP: 16/16 MP: 4/4
     0 | D:1      | Identified the Compendium of Translocation
   299 | D:1      | Reached skill level 1 in Polearms
   486 | D:1      | Reached XP level 2. HP: 17/22 MP: 5/5
  1512 | D:2      | Reached XP level 3. HP: 24/27 MP: 7/7
  1592 | D:2      | Noticed Sigmund
  2180 | D:1      | Reached XP level 4. HP: 18/33 MP: 8/8
  2645 | D:3      | Found a deep blue altar of Sif Muna.
  2645 | D:3      | Found an iron altar of Okawaru.
  2649 | D:3      | Noticed Natasha
  2674 | D:3      | Killed Natasha
  2968 | D:3      | Found a glowing golden altar of the Shining One.
  2972 | D:3      | Became a worshipper of Warmaster Okawaru
  3009 | D:3      | Noticed Natasha
  3010 | D:3      | Found a sacrificial altar of Ru.
  3395 | D:3      | Reached XP level 5. HP: 28/38 MP: 9/9
  3984 | D:3      | Killed Natasha
  4224 | D:3      | Noticed Natasha
  4234 | D:3      | Killed Natasha
  4501 | D:4      | Noticed a phantom
  4934 | D:1      | Killed a phantom
  4934 | D:1      | Reached XP level 6. HP: 23/47 MP: 10/10
  5323 | D:4      | Reached * piety under Okawaru
  5323 | D:4      | Reached skill level 5 in Polearms
  5791 | D:4      | Reached XP level 7. HP: 55/55 MP: 11/11
  6079 | D:4      | Found a staircase to the Ecumenical Temple.
  6501 | D:5      | Entered Level 5 of the Dungeon
  6502 | D:5      | Noticed Eustachio
  6523 | D:4      | Reached skill level 1 in Invocations
  6733 | D:5      | Noticed a hippogriff
  6876 | D:4      | Killed a hippogriff
  7409 | D:5      | Reached skill level 1 in Unarmed Combat
  7409 | D:5      | Reached XP level 8. HP: 61/61 MP: 9/12
  7763 | D:6      | Reached skill level 5 in Fighting
  7798 | D:6      | Found a runed door.
  7872 | D:6      | Reached ** piety under Okawaru
  7893 | D:6      | Found a basalt altar of Yredelemnul.
  7958 | D:6      | Found a sacrificial altar of Ru.
  8044 | D:6      | Found a bloodstained altar of Trog.
  8632 | D:6      | Noticed Crazy Yiuf
  8638 | D:6      | Killed Crazy Yiuf
  9316 | D:7      | Reached XP level 9. HP: 61/71 MP: 13/13
  9480 | D:7      | Found Xeirocupu's Antique Armour Boutique.
  9489 | D:7      | Bought a pair of embroidered boots for 232 gold pieces
  9720 | D:8      | Found a sand-covered staircase.
  9856 | Ossuary  | Entered an ossuary
 10511 | D:8      | Reached *** piety under Okawaru
 10512 | D:8      | HP: 1/74 [wolf[Grum] (4)]
 10703 | D:8      | Noticed Grum
 10958 | D:8      | Found Cuecungi's Armour Shop.
 10991 | D:8      | Noticed Psyche
 11291 | D:8      | Killed Grum
 11397 | D:8      | Noticed a cyclops
 11410 | D:8      | Killed a cyclops
 11410 | D:8      | Reached XP level 10. HP: 47/80 MP: 14/14
 11646 | D:8      | Killed Psyche
 12697 | D:8      | Received a gift from Okawaru
 12697 | D:8      | Reached skill level 5 in Invocations
 12913 | D:8      | Found an ancient bone altar of Kikubaaqudgha.
 14523 | D:9      | Reached skill level 1 in Dodging
 14529 | D:9      | Reached **** piety under Okawaru
 14954 | D:9      | Found a staircase to the Lair.
 15265 | Lair:1   | Entered Level 1 of the Lair of Beasts
 15524 | Lair:1   | Reached XP level 11. HP: 86/87 MP: 16/16
 15739 | Lair:1   | Noticed a five-headed hydra
 15766 | Lair:1   | Killed a five-headed hydra
 15883 | Lair:1   | Received a gift from Okawaru
 17302 | Lair:2   | Reached skill level 5 in Dodging
 17311 | Lair:2   | Received a gift from Okawaru
 17469 | Lair:2   | Reached ***** piety under Okawaru
 17635 | Lair:2   | Noticed a five-headed hydra
 17656 | Lair:2   | Killed a five-headed hydra
 18357 | Lair:3   | Got a bloodstained ring mail
 18380 | Lair:3   | Reached skill level 5 in Throwing
 18725 | Lair:3   | Reached XP level 12. HP: 82/95 MP: 17/17
 19158 | Lair:3   | Found a staircase to the Snake Pit.
 19299 | Lair:3   | Received a gift from Okawaru
 19310 | Lair:3   | Got a bone great sword {god gift}
 19321 | Lair:3   | Identified the +3 ring mail of Riela {rC+ Regen+ Int+4} (You found it on level 3 of the Lair of Beasts)
 19396 | Lair:3   | Noticed an eight-headed hydra
 19418 | Lair:3   | Killed an eight-headed hydra
 19909 | Lair:3   | Found a staircase to the Shoals.
 19937 | Lair:3   | Slain by a snapping turtle

Vault maps used:
D:1:      tarquinn_simple_flora_water_d, nrook_loot_triangle,
          palyth_stone_intersect, st_stairs_10
D:2:      first_bread, minivault_4, minmay_misc_feat_five, uniq_sigmund
D:3:      nicolae_overflow_crystal_walls, gammafunk_temple_overflow_forgotten,
          serial_undead, serial_undead_a, serial_undead_b, serial_undead_e,
          serial_undead_a, uniq_natasha
D:4:      minmay_temple_entry_statues_pillars
D:5:      grunt_temple_overflow_gold_and_silver, old_standard_altar,
          gammafunk_temple_overflow_elements, lemuel_crystal_altar,
          sword_in_stone
D:6:      bloody_trog, kennysheep_mini_moat, cheibrodos_sewer_entry_bend,
          nicolae_ru_great_annihilating_truth, uniq_crazy_yiuf_cottage
D:7:      serial_shops, shop
D:8:      nicolae_ossuary_entry_false_entrances, serial_shops, shop,
          lemuel_mausoleum_altar_kikubaaqudgha, uniq_psyche, uniq_grum
D:9:      lair_entry_dummy
Lair:1:   minmay_holes
Lair:3:   minmay_shoals_entry_hut, guppyfry_snake_entry_garden,
          lemuel_fruit_tree, grunt_megastairs_3, minmay_lair_oklob_chamber
Ossuary:  ossuary_the_hunt_dpeg

Skill      XL: |  1  2  3  4  5  6  7  8  9 10 11 12 |
---------------+-------------------------------------+-----
Polearms       | 1 2 3 4 5 8 9 |  9.0
Fighting       | 3 4 6 8 9 |  9.1
Invocations    | 4 7 |  7.0
Unarmed Combat | 1 3 |  3.5
Dodging        | 2 6 |  6.8
Armour         | 2 3 4 |  4.2
Throwing       | 5 6 |  6.3
Shields        | |  1.0
Spellcasting   | |  2.6
Earth Magic    | |  1.5
Poison Magic   | |  1.0

Action                   |  1- 3 |  4- 6 |  7- 9 | 10-12 || total
-------------------------+-------+-------+-------+-------++-------
Melee: Spear             |    94 |   222 |   300 |       ||   616
       Trident           |       |       |   285 |   895 ||  1180
Throw: Stone             |     2 |       |     1 |     2 ||     5
       Javelin           |       |     5 |     4 |    13 ||    22
       Throwing net      |       |       |     1 |     2 ||     3
       Tomahawk          |       |       |       |    34 ||    34
Invok: Heroism           |       |       |    21 |    37 ||    58
Evoke: Wand              |       |     1 |    14 |     7 ||    22
       Phantom mirror    |       |       |       |     1 ||     1
  Use: Scroll            |     1 |     7 |     7 |    14 ||    29
 Stab: Sleeping          |     3 |     1 |     1 |     2 ||     7
       Paralysed         |       |     6 |    11 |       ||    17
       Invisible         |       |       |     1 |       ||     1
       Held in net/web   |       |       |     2 |     2 ||     4
Armor: Robe              |    11 |     4 |       |       ||    15
       Leather armour    |       |    35 |   146 |   167 ||   348
       Ring mail         |       |       |       |    26 ||    26
Dodge: Dodged            |    34 |    83 |   260 |   412 ||   789
Block: Buckler           |    11 |    17 |    98 |   153 ||   279
